 Dungeon Crawl Stone Soup version 0.21.1-1-g345015f (webtiles) character file.

5491 shakethe the Carver (level 10, 0/120 HPs)
             Began as a Barachi Fighter on Feb 23, 2018.
             Was an Elder of Cheibriados.
             Slain by a fire dragon (5 damage)
             ... on level 9 of the Dungeon.
             The game lasted 00:21:00 (11895 turns).

shakethe the Carver (Barachi Fighter)              Turns: 11895, Time: 00:21:02

Health: 0/120      AC: 25    Str: 27    XL:     10   Next: 69%
Magic:  12/12      EV:  2    Int: 23    God:    Cheibriados [****..]
Gold:   530        SH: 13    Dex: 23    Spells: 12/12 levels left

rFire    + . .     SeeInvis .   a - +1 long sword
rCold    x . .     Gourm    .   c - +0 shield
rNeg     + + +     Faith    .   (armour currently unavailable)
rPois    +         Spirit   .   (helmet currently unavailable)
rElec    .         Reflect  .   (cloak currently unavailable)
rCorr    .         Harm     .   (gloves currently unavailable)
MR       .....     NoTele   +   (boots currently unavailable)
Stlth    ++........             (no amulet)
HPRegen  0.30/turn              y - ring of poison resistance {rPois, !d}
MPRegen  0.13/turn              I - ring of fire {rF+, rC-}

@: tree-form, very slow
A: +LOS, swims, clever 1, wild magic 1
a: Bend Time, Temporal Distortion, Slouch, Renounce Religion


You were on level 9 of the Dungeon.
You worshipped Cheibriados.
Cheibriados was greatly pleased with you.
You were not hungry.
You were a tree.
You visited 2 branches of the dungeon, and saw 11 of its levels.

You collected 620 gold pieces.
You spent 90 gold pieces at shops.

Inventory:

Hand Weapons
 a - a +1 long sword (weapon)
Missiles
 e - 4 throwing nets {=f, !d}
Armour
 c - a +0 shield (worn)
 k - a +0 cloak (melded)
   (You found it on level 2 of the Dungeon)
 n - a +0 helmet (melded)
   (You took it off Robin on level 2 of the Dungeon)
 J - a +0 plate armour (melded)
   (You took it off an orc warrior on level 7 of the Dungeon)
 K - a +0 pair of boots (melded)
   (You found it on level 8 of the Dungeon)
Magical Staves
 H - an uncursed staff of air {unknown}
   (You found it on level 7 of the Dungeon)
Jewellery
 y - a ring of poison resistance (left branch) {rPois, !d}
   (You found it on level 4 of the Dungeon)
 I - a ring of fire (right branch) {rF+, rC-}
   (You found it on level 7 of the Dungeon)
Wands
 b - a wand of enslavement (14)
   (You found it on level 8 of the Dungeon)
 q - a wand of disintegration (12)
   (You found it on level 2 of the Dungeon)
 r - a wand of polymorph (7)
   (You took it off Sigmund on level 2 of the Dungeon)
 A - a wand of paralysis (13)
   (You found it on level 7 of the Dungeon)
 D - a wand of flame (44)
   (You found it on level 5 of the Dungeon)
 L - a wand of clouds (3)
   (You found it on level 8 of the Dungeon)
Scrolls
 g - a scroll of fog {unknown}
 h - 5 scrolls of remove curse
 j - a scroll of enchant weapon
 l - 4 scrolls of fear {unknown}
 m - 2 scrolls of magic mapping {!r}
 p - a scroll of amnesia
 v - 2 scrolls of teleportation {unknown}
 x - a scroll of immolation {unknown}
 C - 2 scrolls of blinking {!r}
 F - a scroll of enchant armour {unknown}
 G - a scroll of brand weapon {unknown}
 N - 2 scrolls of identify
Potions
 d - a potion of haste {unknown}
 i - 4 potions of curing
 o - a potion of lignification {!q}
 s - a potion of flight
 t - 2 potions of degeneration {!q}
 w - 2 potions of berserk rage {!q}
 z - a potion of ambrosia
 E - 2 potions of brilliance
Comestibles
 f - 18 rations


   Skills:
 + Level 8.3 Fighting
 * Level 10.7 Long Blades
 + Level 8.3 Armour
 + Level 6.3 Dodging
 + Level 7.5 Shields
 + Level 1.9 Spellcasting
 - Level 3.2 Evocations


You had 12 spell levels left.
You didn't know any spells.

Dungeon Overview and Level Annotations

Branches:
Dungeon (10/15)            Temple (1/1) D:4            Lair (0/6) D:8
    Orc: D:9-12

Altars:
Ashenzari
Cheibriados
Dithmenos
Elyvilon
Fedhas
Gozag
Hepliaklqana
Kikubaaqudgha
Makhleb
Nemelex Xobeh
Okawaru
Qazlal
Ru
Sif Muna
Trog
Uskayaw
Vehumet
Wu Jian
Xom
Yredelemnul
Zin
The Shining One

Shops:
D:6 ?


Innate Abilities, Weirdness & Mutations

Shadows flee at your approach. (+LOS)
You can swim through water.
((You cover ground slowly.))
((You can hop short distances.))
((You are partially covered in slimy green scales. (AC +2)))
Your mind is acute. (Int +2)
Your spells are a little harder to cast, but a little more powerful.


Message History

There is a stone staircase leading up here.
You see here an arrow.
You block the yak's attack.
You climb upwards.
There is a stone staircase leading down here.
You slice the yak!! You block the yak's attack.
You hit the yak but do no damage. You block the yak's attack.
Your shield and plate armour prevent you from hitting the yak.
The yak misses you.
You riposte.
You hit the yak. You slash the yak! You hit the yak but do no damage.
The yak gores you!
You take 7 damage, and have 73/80 hp.
Your shield and plate armour prevent you from hitting the yak.
The yak gores you but does no damage.
You hit the yak. The yak gores you.
You take 2 damage, and have 71/80 hp.
You slash the yak!
You kill the yak!
Cheibriados appreciates the change of pace.
There is a stone staircase leading down here.
You start resting.
Health restored: 80
There is a stone staircase leading down here.
You climb downwards.
An orc warrior comes into view. It is wielding a halberd.
The orc warrior shouts!
The fire dragon breathes flames at you. The blast of flame hits you!
You resist.
The worker ant bites you but does no damage.
A yak comes into view.
The yak bellows!
You hear a bellow! x3; You hear a shout!
There is a stone staircase leading up here.
You see here an arrow.
You take 20 damage, and have 60/80 hp.
MASSIVE DAMAGE!!
You hit the worker ant.
The worker ant waves its antennae.
The worker ant barely misses you. The fire dragon bites you!
The fire dragon claws you. The fire dragon tramples you.
You hold your ground!
You take 11 damage, and have 49/80 hp.
The worker ant bites you but does no damage.
The fire dragon barely misses you. You block the fire dragon's attack. x2
The worker ant bites you.
You climb upwards.
There is a stone staircase leading down here.
You slash the worker ant! The worker ant closely misses you.
You barely miss the worker ant. The fire dragon barely misses you.
The fire dragon claws you but does no damage.
You block the fire dragon's attack. You block the worker ant's attack.
You hit the worker ant.
You kill the worker ant!
Cheibriados thoroughly appreciates the change of pace.
The fire dragon bites you!
The fire dragon claws you but does no damage.
You block the fire dragon's attack.
You take 7 damage, and have 42/80 hp.
It was a potion of mutation.
You feel extremely strange.
You feel less in control of your magic.
You feel clever.
Slimy green scales grow over part of your body.
The fire dragon bites you. The fire dragon claws you.
You block the fire dragon's attack.
You take 9 damage, and have 33/80 hp.
You hit the fire dragon but do no damage.
The fire dragon bites you.
The fire dragon claws you but does no damage.
The fire dragon tramples you.
* * * LOW HITPOINT WARNING * * *
You stumble backwards!
You take 10 damage, and have 23/80 hp.
You closely miss the fire dragon.
The fire dragon bites you but does no damage.
The fire dragon barely misses you. The fire dragon tramples you.
* * * LOW HITPOINT WARNING * * *
You stumble backwards!
You take 4 damage, and have 19/80 hp.
You feel much better. The fire dragon breathes flames at you.
The blast of flame hits you! You resist.
* * * LOW HITPOINT WARNING * * *
You regained 4 hp, and now have 23/80 hp.
You slash the fire dragon!
The fire dragon bites you but does no damage.
You block the fire dragon's attack. x2
You completely miss the fire dragon. The fire dragon bites you!
* * * LOW HITPOINT WARNING * * *
You block the fire dragon's attack. x2
You take 11 damage, and have 13/80 hp.
It was a potion of lignification.
You turn into a tree.
Your +0 cloak melds into your body.
Your +0 helmet melds into your body.
Your +0 pair of boots melds into your body.
Your +0 plate armour melds into your body.
Your roots penetrate the ground.
The fire dragon breathes flames at you. The blast of flame hits you!
You resist.
* * * LOW HITPOINT WARNING * * *
You now have 8/120 hp.
You hit the fire dragon. The fire dragon bites you.
* * * LOW HITPOINT WARNING * * *
The fire dragon claws you.
You die...

##.....# #.....# ##....# #...##
##...### # ###......# ##### ###
#........#### #...# ..#
##...†.....§.###...# ..#
#..♣D>.....§§.##...# ..#######
##...#......§_.....##
........#####....#...............
................................[
.................................
.)...............................
.[)).......(.....................
..........)......................
.................................


You could see a fire dragon.

Vanquished Creatures
  A two-headed ogre (D:10)
  A hippogriff (D:8)
  Sigmund (D:2)
  A yak (D:9)
  A hungry ghost (D:7)
  Menkaure (D:7)
  2 water moccasins
  2 hell hounds (D:8)
  An orc warrior (D:7)
  3 sky beasts
  An ice beast (D:5)
  6 ogres
  A phantom (D:7)
  An eye of draining (D:7)
  A black bear (D:9)
  The ghost of shakethe the Covered, an amateur BaFi (D:3)
  A necrophage (D:9)
  A centaur (D:8)
  3 big kobolds
  4 bullfrogs
  A wyvern zombie (D:7)
  3 scorpions
  4 wights
  A bullfrog zombie (D:6)
  3 crimson imps
  5 hounds
  A quasit (D:6)
  Crazy Yiuf (D:7)
  A centaur skeleton (D:8)
  3 jellies
  3 orc priests
  4 orc wizards
  2 bullfrog skeletons (D:6)
  3 iguanas
  8 worker ants
  3 hound zombies
  A hound skeleton (D:5)
  Robin (D:2)
  6 gnolls
  9 adders
  3 shadow imps
  An adder zombie (D:7)
  An adder skeleton (D:6)
  2 worms (D:2)
  2 dart slugs
  7 leopard geckos
  27 orcs
  3 giant cockroaches
  9 goblins
  10 hobgoblins
  7 jackals
  4 quokkas
  A ball python (D:3)
  6 bats
  5 frilled lizards
  25 kobolds
  A leopard gecko zombie (D:6)
  A quokka skeleton (D:5)
  A quokka zombie (D:9)
  4 rats (D:3)
217 creatures vanquished.

Notes
Turn   | Place    | Note
-------+----------+-------------------------------------------
     0 | D:1      | shakethe the Barachi Fighter began the quest for the Orb.
     0 | D:1      | Reached XP level 1. HP: 18/18 MP: 1/1
   142 | D:1      | Reached XP level 2. HP: 17/25 MP: 2/2
   374 | D:1      | Reached skill level 3 in Long Blades
   752 | D:2      | Reached skill level 4 in Fighting
   752 | D:2      | Reached XP level 3. HP: 17/30 MP: 3/3
   958 | D:2      | Reached skill level 1 in Dodging
   960 | D:2      | HP: 7/30 [worm (5)]
  1346 | D:2      | Noticed a bullfrog
  1357 | D:2      | Killed a bullfrog
  1357 | D:2      | Reached skill level 4 in Long Blades
  1357 | D:2      | Reached skill level 4 in Armour
  1357 | D:2      | Reached XP level 4. HP: 28/37 MP: 4/4
  1428 | D:2      | Noticed Robin
  1443 | D:2      | Killed Robin
  1443 | D:2      | Reached XP level 5. HP: 43/43 MP: 5/5
  1479 | D:2      | HP: 10/43 [poisoned by a goblin]
  1484 | D:2      | HP: 9/43 [poisoned by a goblin]
  1491 | D:2      | HP: 8/43 [poisoned by a goblin]
  1499 | D:2      | HP: 7/43 [poisoned by a goblin]
  2103 | D:2      | Noticed Sigmund
  2117 | D:2      | Killed Sigmund
  2117 | D:2      | Reached skill level 5 in Long Blades
  2117 | D:2      | Reached skill level 2 in Dodging
  2117 | D:2      | Reached skill level 4 in Shields
  2117 | D:2      | Reached XP level 6. HP: 33/50 MP: 6/6
  2346 | D:3      | Found a bloodstained altar of Trog.
  2705 | D:3      | Noticed shakethe's ghost (amateur BaFi)
  2725 | D:3      | Killed shakethe's ghost
  2725 | D:3      | Reached skill level 5 in Fighting
  2725 | D:3      | Reached skill level 5 in Armour
  2725 | D:3      | Reached XP level 7. HP: 16/56 MP: 7/7
  3387 | D:4      | Found a staircase to the Ecumenical Temple.
  3396 | Temple   | Entered the Ecumenical Temple
  3476 | Temple   | Became a worshipper of Cheibriados the Contemplative
  3898 | D:4      | Reached skill level 6 in Long Blades
  3898 | D:4      | Reached skill level 3 in Dodging
  3912 | D:4      | Found an iron altar of Okawaru.
  3912 | D:4      | Found a sparkling altar of Nemelex Xobeh.
  4150 | D:5      | Entered Level 5 of the Dungeon
  4281 | D:5      | HP: 7/56 [ogre/giant club (24)]
  4748 | D:5      | HP: 12/56 [ogre/giant spiked club (17)]
  4755 | D:5      | Reached skill level 5 in Shields
  4755 | D:5      | Reached XP level 8. HP: 15/64 MP: 8/8
  5536 | D:5      | HP: 14/64 [ice beast (13)]
  5537 | D:5      | Reached skill level 7 in Long Blades
  5931 | D:5      | Found a basalt altar of Yredelemnul.
  5997 | D:5      | Reached skill level 6 in Fighting
  5997 | D:5      | Reached skill level 6 in Armour
  6248 | D:6      | Reached skill level 4 in Dodging
  6284 | D:6      | Reached * piety under Cheibriados
  6559 | D:6      | Reached skill level 8 in Long Blades
  6794 | D:6      | Reached XP level 9. HP: 33/71 MP: 9/9
  7101 | D:6      | Found Pooke's Magic Scroll Shop.
  7582 | D:7      | Noticed Menkaure
  7590 | D:7      | Killed Menkaure
  7590 | D:7      | Reached skill level 6 in Shields
  7830 | D:7      | Reached ** piety under Cheibriados
  7871 | D:7      | Reached skill level 5 in Dodging
  7890 | D:7      | Found a runed door.
  7921 | D:7      | Reached skill level 7 in Fighting
  7921 | D:7      | Reached skill level 7 in Armour
  7938 | D:7      | Reached skill level 9 in Long Blades
  7951 | D:7      | HP: 8/72 [orc warrior/dire flail (18)]
  9135 | D:7      | Reached *** piety under Cheibriados
  9741 | D:7      | Noticed Crazy Yiuf
  9762 | D:7      | Killed Crazy Yiuf
 10056 | D:7      | Reached skill level 1 in Evocations
 10204 | D:8      | Reached XP level 10. HP: 79/79 MP: 11/11
 10220 | D:8      | Reached skill level 2 in Evocations
 10222 | D:8      | Found a staircase to the Lair.
 10242 | D:8      | Reached skill level 10 in Long Blades
 10242 | D:8      | Reached skill level 7 in Shields
 10312 | D:8      | HP: 20/80 [ogre/giant club (12)]
 10866 | D:8      | Reached skill level 6 in Dodging
 10917 | D:9      | Reached **** piety under Cheibriados
 10949 | D:9      | Found a shadowy altar of Dithmenos.
 11243 | D:9      | Reached skill level 8 in Armour
 11246 | D:9      | Reached skill level 8 in Fighting
 11246 | D:9      | Reached skill level 1 in Spellcasting
 11327 | D:9      | Found a glowing silver altar of Zin.
 11327 | D:9      | Found Zin's Purification Station.
 11370 | D:9      | Bought a potion of curing for 90 gold pieces
 11494 | D:9      | Found a stormy altar of Qazlal.
 11494 | D:9      | Found a radiant altar of Vehumet.
 11571 | D:10     | Entered Level 10 of the Dungeon
 11584 | D:10     | Noticed a fire dragon
 11586 | D:10     | Noticed a two-headed ogre
 11596 | D:10     | Killed a two-headed ogre
 11596 | D:10     | Reached skill level 3 in Evocations
 11597 | D:10     | HP: 13/80 [fire dragon/blast of flame (10)]
 11888 | D:9      | Gained mutation: Your spells are a little harder to cast, but a little more powerful. [potion of mutation]
 11888 | D:9      | Gained mutation: Your mind is acute. (Int +2) [potion of mutation]
 11888 | D:9      | Gained mutation: You are partially covered in slimy green scales. (AC +2) [potion of mutation]
 11890 | D:9      | HP: 19/80 [fire dragon (4)]
 11894 | D:9      | HP: 8/120 [fire dragon/blast of flame (11)]
 11895 | D:9      | Slain by a fire dragon

Skill      XL: |  1  2  3  4  5  6  7  8  9 10 |
---------------+-------------------------------+-----
Long Blades    | 3 4 5 6 8 9 10 | 10.7
Fighting       | 4 5 6 7 8 |  8.3
Dodging        | 1 2 3 4 5 6 |  6.3
Armour         | 4 5 6 7 8 |  8.3
Shields        | 4 5 6 7 |  7.5
Evocations     | 1 3 |  3.2
Spellcasting   | 1 |  1.9

Action                   |  1- 3 |  4- 6 |  7- 9 | 10-12 || total
-------------------------+-------+-------+-------+-------++-------
Melee: Long sword        |   113 |   159 |   464 |   178 ||   914
 Abil: Hop               |       |       |       |     1 ||     1
  Use: Potion            |       |     2 |     2 |     6 ||    10
       Scroll            |       |       |    12 |       ||    12
  Eat: Chunk             |     2 |     4 |     6 |     2 ||    14
       Ration            |       |     1 |     4 |       ||     5
Armor: Scale mail        |    47 |    75 |   162 |       ||   284
       Plate armour      |       |       |    24 |   132 ||   156
Dodge: Dodged            |    28 |    64 |   219 |   111 ||   422
Block: Shield            |    59 |    93 |   331 |   194 ||   677
       Rpst.: Long sword |     6 |    18 |    68 |    33 ||   125

Vault maps used:
D:1:      lemuel_arrival_funnel
D:2:      first_ration, uniq_robin, uniq_sigmund
D:3:      overflow_temple_1_default
D:4:      gammafunk_temple_overflow_pools, minmay_temple_entry_junction
D:5:      kennysheep_mini_moat, hangedman_abyss_or_decor_jellyfish_corner
D:6:      serial_shops, shop, serial_co_window_serial, co_window_paths_a,
          co_window_paths_a, co_window_cross_1, co_window_of_opportunity_a,
          co_window_corner_a, co_window_of_opportunity_a, co_window_paths_a,
          co_window_2corner, co_window_corner_cb, co_window_corner_b,
          co_window_corner_ca, co_window_corner_b, glass_columns_a,
          glass_columns_a, glass_columns_a
D:7:      uniq_crazy_yiuf_cottage, uniq_menkaure
D:8:      minmay_lair_entry_lava
D:9:      gammafunk_temple_overflow_elements, zin_purify, grunt_ogre_cave,
          grunt_dithmenos_smoke
D:10:     minmay_the_grid_3x2, uniq_fannar, uniq_josephine, uniq_urug
Temple:   regret_index_temple_waves

Table legend:
 A = Turns spent in this place as a percentage of turns spent in the entire game.
 B = Non-inter-level travel turns spent in this place as a percentage of non-inter-level travel turns spent in the entire game.
 C = Inter-level travel turns spent in this place as a percentage of turns spent in this place.
 D = Turns resting spent in this place as a percentage of non-inter-level travel turns spent in this place.
 E = Turns spent auto-exploring this place as a percentage of non-inter-level travel turns spent in this place.
 F = Non-inter-level travel turns spent in this place divided by the number of levels of this place that you've seen.
                   A       B       C       D       E      F
               +-------+-------+-------+-------+-------+----------------------
         Total | 100.0 | 100.0 |   2.3 |  38.5 |  44.4 | 1056.8
       Dungeon |  99.1 |  99.2 |   2.2 |  38.8 |  44.2 | 1153.0
        Temple |   0.9 |   0.8 |   7.8 |   0.0 |  74.7 |  95.0
               +-------+-------+-------+-------+-------+----------------------

Table legend:
 A = Kills in this place as a percentage of kills in entire the game.
 B = Kills by you in this place as a percentage of kills by you in the entire game.
 C = Kills by friends in this place as a percentage of kills by friends in the entire game.
 D = Other kills in this place as a percentage of other kills in the entire game.
 E = Experience gained in this place as a percentage of experience gained in the entire game.
 F = Experience gained in this place divided by the number of levels of this place that you have seen.
                   A       B       C       D       E      F
               +-------+-------+-------+-------+-------+----------------------
         Total | 100.0 | 100.0 |   N/A |   N/A | 100.0 | 713.2
       Dungeon | 100.0 | 100.0 |   N/A |   N/A | 100.0 | 784.5
               +-------+-------+-------+-------+-------+----------------------
